 Dungeon Crawl Stone Soup version 0.29-a0-352-g0917bc69df (webtiles) character file.

Game seed: 8483519476756720251

273 bande the Covered (level 6, 0/38 HPs)
             Began as a Gargoyle Fighter on Apr 24, 2022.
             Slain by Pikel
             ... wielding a +1 whip of electrocution
              (6 damage)
             ... on level 4 of the Dungeon.
             The game lasted 00:06:48 (3078 turns).

bande the Covered (Gargoyle Fighter)                Turns: 3078, Time: 00:06:49

Health: 0/38       AC: 14    Str: 19    XL:     6   Next: 24%
Magic:  0/6        EV:  9    Int:  9    God:
Gold:   215        SH:  4    Dex: 11    Spells: 5/5 levels left

rFire   . . .      SeeInvis .   a - +1 war axe
rCold   . . .      Faith    .   c - +0 buckler
rNeg    + . .      Spirit   +   b - +0 scale mail
rPois   ∞          Reflect  .   e - +2 hat
rElec   +          Harm     .   (no cloak)
rCorr   .          Rampage  .   p - +0 pair of gloves
Will    .....                   (no boots)
Stlth   ..........              r - amulet of guardian spirit
HPRegen 0.12/turn               (no ring)
MPRegen 0.10/turn               (no ring)

@: no status effects
A: sickness immunity, AC +4, negative energy resistance 1, electricity
resistance, torment resistance 1, petrification resistance
a: no special abilities


You were on level 4 of the Dungeon.
You visited 1 branch of the dungeon, and saw 4 of its levels.

You collected 215 gold pieces.

Inventory:

Hand Weapons
 a - a +1 war axe (weapon)
 l - the +4 mace of the Shore {freeze, *Rage Int+4 Stlth+}
   (You found it on level 2 of the Dungeon)

   It freezes those it strikes, dealing additional cold damage.
   It can also slow down cold-blooded creatures.
   Int:       It affects your intelligence (+4).
   *Rage:     It berserks you when you make melee attacks (+20% chance).
   Stlth:     It makes you more stealthy.
 o - a +0 flail
Armour
 b - a +0 scale mail (worn)
 c - a +0 buckler (worn)
 e - a +2 hat (worn)
 p - a +0 pair of gloves (worn)
Jewellery
 g - an amulet of the acrobat
 m - a ring of fire
 r - an amulet of guardian spirit (around neck)
Scrolls
 n - 3 scrolls of magic mapping
 s - a scroll of teleportation
 t - a scroll of amnesia
Potions
 d - a potion of might
 f - a potion of flight
 h - 3 potions of haste {unknown}
 i - a potion of degeneration {unknown}
 j - 5 potions of curing
 k - a potion of brilliance {unknown}
 q - a potion of berserk rage {unknown}


   Skills:
 + Level 4.2 Fighting
 + Level 4.2 Axes
 + Level 4.3 Armour
 + Level 4.1 Shields


You had 5 spell levels left.
You didn't know any spells.
Your spell library contained the following spells:

 Spells                   Type           Power      Damage    Failure   Level
 Ignite Poison            Fire/Tmut/Pois 0%         N/A       99%         3
 Mephitic Cloud           Conj/Pois/Air  0%         N/A       99%         3
 Animate Armour           Summ/Erth      0%         N/A       100%        4
 Blade Hands              Tmut           0%         N/A       100%        5
 Freezing Cloud           Conj/Ice/Air   0%         6-21      100%        5
 Iron Shot                Conj/Erth      0%         9d1       100%        6


Dungeon Overview and Level Annotations

Branches:
Dungeon (4/15)
 Temple: D:4-7

Altars:

Annotations:
D:4 Pikel


Innate Abilities, Weirdness & Mutations

You are immune to sickness and miasma.
Your stone body is resilient. (AC +4)
You are immune to poison.
You resist negative energy. (rN+)
You are resistant to electric shocks. (rElec)
You are resistant to unholy torment.
You are immune to petrification.


Message History

You miss Pikel.
Pikel is moderately wounded.
You barely miss the lemure. You hit the lemure.
The lemure hits you but does no damage.
Pikel scowls and wipes his hands on his robe.
Pikel hits you with a +1 whip of electrocution.
You block the lemure's attack.
You slash Pikel!
Pikel is heavily wounded.
You hit the lemure but do no damage. You completely miss the lemure.
You hit the lemure. The lemure hits you but does no damage.
Pikel zaps a wand.
The puff of flame hits you.
The lemure hits you but does no damage. x2
Unknown command.
You closely miss Pikel.
Pikel is heavily wounded.
You barely miss the lemure. You hit the lemure. You barely miss the lemure.
Pikel hits you but does no damage. The lemure hits you but does no damage.
The lemure barely misses you. You block the lemure's attack.
Pikel zaps a wand.
The puff of flame hits you but does no damage.
The lemure hits you. The lemure barely misses you. x2
You barely miss Pikel.
Pikel is heavily wounded.
You hit the lemure. You closely miss the lemure. You hit the lemure.
The lemure hits you but does no damage.
Pikel hits you with a +1 whip of electrocution!
* * * LOW HITPOINT WARNING * * *
The lemure completely misses you. The lemure hits you but does no damage.
You hit Pikel.
Pikel is heavily wounded.
You hit the lemure. You closely miss the lemure. You miss the lemure.
The lemure hits you but does no damage. Pikel barely misses you.
The lemure completely misses you. The lemure hits you.
* * * LOW HITPOINT WARNING * * *
You hit Pikel but do no damage.
Pikel is heavily wounded.
You barely miss the lemure. You hit the lemure.
You kill the lemure!
That felt strangely unrewarding.
You closely miss the lemure.
Pikel hits you with a +1 whip of electrocution!
You die...

#..........#
#..........#
#..........#
#####+###...##.....#
+......##+####.....#
#......#.....#.....#...
#.....)'.....'.....#.>.
#+##.5.#.....#.....#...
#..@#.....#.....#...
......5K#.....###'###...
.......5#.....#.....#...
........#.....#.....#...
#####...#.....#.....#...
#...#.....#.....#...
....#.....#.....#...
.....#....>#.....#...
#.....#.....#...


You could see Pikel and 3 lemures.

Vanquished Creatures
  A lemure (D:4)
  An orc priest (D:4)
  An orc wizard (D:4)
  Natasha (thrice) (D:3)
  4 adders
  A worm (D:2)
  7 dart slugs
  10 orcs
  8 endoplasms
  3 giant cockroaches
  4 goblins
  7 hobgoblins
  2 jackals (D:4)
  7 kobolds
  3 quokkas (D:3)
  10 ball pythons
  6 bats
  4 frilled lizards
  2 rats
84 creatures vanquished.

Notes
Turn   | Place    | Note
-------+----------+-------------------------------------------
     0 | D:1      | bande the Gargoyle Fighter began the quest for the Orb.
     0 | D:1      | Reached XP level 1. HP: 14/14 MP: 1/1
   250 | D:1      | Reached XP level 2. HP: 19/19 MP: 2/2
   756 | D:2      | Reached XP level 3. HP: 23/24 MP: 3/3
  1002 | D:2      | Identified the +4 mace of the Shore {freeze, *Rage Int+4
                  | Stlth+}
  1179 | D:2      | Reached XP level 4. HP: 21/29 MP: 4/4
  1314 | D:2      | Found a faded altar of an unknown god.
  2026 | D:3      | Identified the +1 scale mail of Nylaopha {Contam rF+ rC+}
  2124 | D:3      | Noticed Natasha
  2138 | D:3      | Killed Natasha
  2139 | D:3      | Reached XP level 5. HP: 11/33 MP: 3/5
  2479 | D:3      | Noticed Natasha
  2488 | D:3      | Killed Natasha
  2727 | D:4      | Reached XP level 6. HP: 22/38 MP: 4/6
  2784 | D:3      | Noticed Natasha
  2792 | D:3      | Killed Natasha
  3064 | D:4      | Noticed Pikel
  3078 | D:4      | Slain by Pikel

Illustrated notes

Levels and vault maps discovered:
D:1:      psy_arrival_statuary, layout_rooms
D:2:      layout_basic, basic_ecumenical_altar, minmay_quadrilaterals
D:3:      layout_rooms, serial_bayou_pond_b, minmay_cupped, uniq_natasha
D:4:      layout_gridville, serial_rivers, chequers_serial_rivers_small_b,
          chequers_serial_rivers_room_a, chequers_serial_rivers_micro_b,
          chequers_serial_rivers_small_a, uniq_ijyb, uniq_crazy_yiuf_cottage,
          uniq_pikel

Skill      XL: |  1  2  3  4  5 |
---------------+----------------+-----
Axes           | 2 3 4 |  4.2
Armour         | 4 |  4.3
Fighting       | 4 |  4.2
Shields        | 4 |  4.1

Action                   |  1- 3 |  4- 6 || total
-------------------------+-------+-------++-------
Melee: War axe           |   100 |   153 ||   253
  Use: Scroll            |     7 |     3 ||    10
Armor: Scale mail        |    66 |   109 ||   175
Dodge: Dodged            |    49 |    89 ||   138
Block: Buckler           |    24 |    39 ||    63

Table legend: (Time is in decaauts)
 A = Elapsed time spent in this place.
 B = Non-inter-level travel time spent in this place.
 C = Inter-level travel time spent in this place.
 D = Time resting spent in this place.
 E = Time spent auto-exploring this place.
 F = Levels seen in this place.
 G = Mean time per level.
                   A        B        C        D        E       F      G
               +--------+--------+--------+--------+--------+-----+--------+
         Total |   3200 |   3198 |      2 |    435 |   2035 |   4 |  800.0 |
       Dungeon |   3200 |   3198 |      2 |    435 |   2035 |   4 |  800.0 |
               +--------+--------+--------+--------+--------+-----+--------+

Top non-repeatable levels by time:
     D:3: 1096 daAuts
     D:2: 1058 daAuts
     D:1: 750 daAuts
     D:4: 295 daAuts
